BR (22 & UNDER)
CORONADO ECLIPSE @ GILBERT FIRE FIGHTERS
07/20/2030
 
TOP OF THE 1ST
Coronado Eclipse batting - Pitching for Gilbert Fire Fighters : LHP Eduardo López
Pitching: LHP Eduardo López
Batting: RHB Galtero Confalonieri 0-0: Ball
1-0: Ball
2-0: Foul Ball, location: 2F
2-1: SINGLE (Groundball, 6MD)
Batting: RHB Brian Jones 0-0: Ball
1-0: Called Strike
1-1: Called Strike
1-2: SINGLE (Line Drive, 9LS)
Galtero Confalonieri to second
Batting: RHB Andrés Casillas 0-0: Ball
1-0: Ball
2-0: SINGLE (Line Drive, 78S)
Galtero Confalonieri to third
Brian Jones to second
Runner from 3rd tries for Home, SAFE, no throw
Batting: LHB Benny Lawson 0-0: Swinging Strike
0-1: Foul Ball, location: 2F
0-2: Ball
1-2: Ball
2-2: DOUBLE (Line Drive, 7LM)
Brian Jones scores
Andrés Casillas to third
Batting: SHB Doyle Goodwin 0-0: Ground out 5-3 (Groundball, 56)
Andrés Casillas scores
Batting: RHB Brandon Smith 0-0: Called Strike
0-1: SINGLE (Groundball, 4D)
Benny Lawson to third
Batting: SHB José Acevedo 0-0: Swinging Strike
0-1: Ball
1-1: Swinging Strike
1-2: Strikes out swinging
Batting: RHB Gerald Taylor 0-0: Ball
1-0: Ball
2-0: Foul Ball, location: 2F
2-1: Fly out, F6 (Line Drive, 6)
Top of the 1st over - 3 runs, 5 hits, 0 errors, 2 left on base; Coronado 3 - Gilbert 0
BOTTOM OF THE 1ST
Gilbert Fire Fighters batting - Pitching for Coronado Eclipse : RHP Juan Salazar
Pitching: RHP Juan Salazar
Batting: RHB Carlos Canales 0-0: Called Strike
0-1: Ball
1-1: Ball
2-1: Ground out 1-3 (Groundball, 15)
Batting: LHB Kyle Robbins 0-0: Called Strike
0-1: Ball
1-1: Called Strike
1-2: Ground out 5-3 (Groundball, 56)
Batting: LHB Bill Handy 0-0: Foul Ball, location: 2F
0-1: Ball
1-1: Called Strike
1-2: Ball
2-2: Ball
3-2: SOLO HOME RUN (Flyball, 9LD), Distance : 358 ft
Batting: RHB Raúl Ottoboni 0-0: Ground out 6-3 (Groundball, 6)
Bottom of the 1st over - 1 run, 1 hit, 0 errors, 0 left on base; Coronado 3 - Gilbert 1
TOP OF THE 2ND
Coronado Eclipse batting - Pitching for Gilbert Fire Fighters : LHP Eduardo López
Batting: LHB Ken Miller 0-0: Called Strike
0-1: Ball
1-1: Ball
2-1: Foul Ball, location: 2F
2-2: Ball
3-2: Base on Balls
Batting: RHB Galtero Confalonieri 0-0: Ball
1-0: SINGLE (Groundball, 4MD)
Ken Miller to second
Batting: RHB Brian Jones 0-0: SINGLE (Groundball, 3) (infield hit)
Ken Miller to third
Galtero Confalonieri to second
Batting: RHB Andrés Casillas 0-0: Ball
Passed Ball!
Ken Miller scores
Galtero Confalonieri to third
Brian Jones to second
1-0: Called Strike
1-1: Ball
2-1: Ground out U3 (Groundball, 3L)
Batting: LHB Benny Lawson 0-0: Swinging Strike
0-1: Called Strike
0-2: Foul Ball, location: 2F
0-2: Ball
1-2: Foul Ball, location: 2F
1-2: Ball
2-2: Ground out 6-3 (Groundball, 56D)
Galtero Confalonieri scores
Batting: SHB Doyle Goodwin 0-0: Foul Ball, location: 2F
0-1: Fly out, F6 (Popup, 6D)
Top of the 2nd over - 2 runs, 2 hits, 0 errors, 1 left on base; Coronado 5 - Gilbert 1
BOTTOM OF THE 2ND
Gilbert Fire Fighters batting - Pitching for Coronado Eclipse : RHP Juan Salazar
Batting: RHB Bill Salinas 0-0: Foul Ball, location: 2F
0-1: Called Strike
0-2: Strikes out looking
Batting: RHB Travis Mchugh 0-0: Ball
1-0: Ball
2-0: Swinging Strike
2-1: SINGLE (Groundball, 4MD)
Batting: RHB Pedro Vásquez 0-0: Ball
1-0: Fly out, F8 (Flyball, 8LM)
Batting: RHB Fernando Morán 0-0: Ball
1-0: Ground out 4-3 (Groundball, 4M)
Bottom of the 2nd over - 0 runs, 1 hit, 0 errors, 1 left on base; Coronado 5 - Gilbert 1
TOP OF THE 3RD
Coronado Eclipse batting - Pitching for Gilbert Fire Fighters : LHP Eduardo López
Batting: RHB Brandon Smith 0-0: Called Strike
0-1: Ball
1-1: Swinging Strike
1-2: Ball
2-2: Foul Ball, location: 2F
2-2: Foul Ball, location: 2F
2-2: Strikes out swinging
Batting: SHB José Acevedo 0-0: Ball
1-0: Swinging Strike
1-1: Foul Ball, location: 2F
1-2: SINGLE (Groundball, 6MD)
Batting: RHB Gerald Taylor 0-0: SINGLE (Line Drive, 56D)
José Acevedo to second
Batting: LHB Ken Miller 0-0: Ball
1-0: Ball
2-0: Called Strike
2-1: Ball
3-1: Foul Ball, location: 2F
3-2: Base on Balls
José Acevedo to third
Gerald Taylor to second
Batting: RHB Galtero Confalonieri 0-0: Called Strike
0-1: Ball
1-1: Foul Ball, location: 2F
1-2: Fly out, F9 (Flyball, 89M)
Batting: RHB Brian Jones 0-0: Ball
1-0: Ball
2-0: Foul Ball, location: 2F
2-1: Swinging Strike
2-2: Ball
3-2: Ground out 3-1 (Groundball, 34)
Top of the 3rd over - 0 runs, 2 hits, 0 errors, 3 left on base; Coronado 5 - Gilbert 1
BOTTOM OF THE 3RD
Gilbert Fire Fighters batting - Pitching for Coronado Eclipse : RHP Juan Salazar
Batting: RHB Juan Brembilla 0-0: Ball
1-0: Ground out 6-3 (Groundball, 6)
Batting: RHB Carlos Canales 0-0: Ball
1-0: Reached on error, E3 (Groundball, 34)
Batting: LHB Kyle Robbins 0-0: Ball
1-0: Ball
2-0: Swinging Strike
2-1: Called Strike
2-2: Foul Ball, location: 2F
2-2: Foul Ball, location: 2F
2-2: Foul Ball, location: 2F
2-2: Ball
3-2: 2-RUN HOME RUN (Flyball, 78XD), Distance : 426 ft
Batting: LHB Bill Handy 0-0: Foul Ball, location: 2F
0-1: Ball
1-1: Foul Ball, location: 2F
1-2: Fly out, F9 (Flyball, 9D)
Batting: RHB Raúl Ottoboni 0-0: Called Strike
0-1: Swinging Strike
0-2: Fly out, F7 (Flyball, 7S)
Bottom of the 3rd over - 2 runs, 1 hit, 1 error, 0 left on base; Coronado 5 - Gilbert 3
TOP OF THE 4TH
Coronado Eclipse batting - Pitching for Gilbert Fire Fighters : LHP Eduardo López
Batting: RHB Andrés Casillas 0-0: Called Strike
0-1: Foul Ball, location: 2F
0-2: SINGLE (Groundball, 6D)
Batting: LHB Benny Lawson 0-0: Grounds into double play, 6-4-3 (Groundball, 6M)
Batting: SHB Doyle Goodwin 0-0: Ball
1-0: SINGLE (Groundball, 6MD)
Batting: RHB Brandon Smith 0-0: Ball
1-0: Called Strike
1-1: Ball
2-1: Ball
3-1: Called Strike
3-2: Ground out 1-3 (Groundball, 15S)
Top of the 4th over - 0 runs, 2 hits, 0 errors, 1 left on base; Coronado 5 - Gilbert 3
BOTTOM OF THE 4TH
Gilbert Fire Fighters batting - Pitching for Coronado Eclipse : RHP Juan Salazar
Batting: RHB Bill Salinas 0-0: Ball
1-0: Ball
2-0: Foul Ball, location: 2F
2-1: Ground out U3 (Groundball, 34S)
Batting: RHB Travis Mchugh 0-0: SINGLE (Line Drive, 7LS)
Batting: RHB Pedro Vásquez 0-0: Called Strike
0-1: SINGLE (Groundball, 34D)
Travis Mchugh to second
Runner from 2nd tries for 3rd, SAFE, no throw
Batting: RHB Fernando Morán 0-0: Called Strike
Pedro Vásquez steals 2nd base
0-1: Ball
1-1: Ball
2-1: Foul Ball, location: 2F
2-2: Ball
3-2: Fly out, F8 (Flyball, 8RM)
Runner from 3rd tags up, OUT at HOME
Bottom of the 4th over - 0 runs, 2 hits, 0 errors, 1 left on base; Coronado 5 - Gilbert 3
TOP OF THE 5TH
Coronado Eclipse batting - Pitching for Gilbert Fire Fighters : LHP Eduardo López
Pitching: LHP Bryan Hatfield
Batting: SHB José Acevedo 0-0: Called Strike
0-1: Ball
1-1: Ball
2-1: Fly out, F1 (Line Drive, 13)
Batting: RHB Gerald Taylor 0-0: Called Strike
0-1: Ball
1-1: Ball
2-1: Called Strike
2-2: Foul Ball, location: 2F
2-2: Ball
3-2: Foul Ball, location: 2F
3-2: Strikes out swinging
Batting: LHB Ken Miller 0-0: Fly out, F8 (Flyball, 8RXD)
Top of the 5th over - 0 runs, 0 hits, 0 errors, 0 left on base; Coronado 5 - Gilbert 3
BOTTOM OF THE 5TH
Gilbert Fire Fighters batting - Pitching for Coronado Eclipse : RHP Juan Salazar
Batting: RHB Juan Brembilla 0-0: Ball
1-0: Ball
2-0: Ball
3-0: Called Strike
3-1: Base on Balls
Batting: RHB Carlos Canales 0-0: Ball
1-0: Foul Ball, location: 2F
1-1: Ball
2-1: Ball
3-1: Foul Ball, location: 2F
3-2: Strikes out swinging
Batting: LHB Kyle Robbins 0-0: Ball
1-0: Fielders Choice at 2nd, 4-6 (Groundball, 4)
Batting: LHB Bill Handy 0-0: Ball
1-0: Ball
2-0: Fly out, F8 (Flyball, 78D)
Bottom of the 5th over - 0 runs, 0 hits, 0 errors, 1 left on base; Coronado 5 - Gilbert 3
TOP OF THE 6TH
Coronado Eclipse batting - Pitching for Gilbert Fire Fighters : LHP Bryan Hatfield
Batting: RHB Galtero Confalonieri 0-0: Ball
1-0: Ball
2-0: Foul Ball, location: 2F
2-1: Called Strike
2-2: Foul Ball, location: 2F
2-2: Ground out 6-3 (Groundball, 6)
Batting: RHB Brian Jones 0-0: Ball
1-0: Ground out 5-3 (Groundball, 5L)
Batting: RHB Andrés Casillas 0-0: Called Strike
0-1: Foul Ball, location: 2F
0-2: Fly out, F7 (Flyball, 7S)
Top of the 6th over - 0 runs, 0 hits, 0 errors, 0 left on base; Coronado 5 - Gilbert 3
BOTTOM OF THE 6TH
Gilbert Fire Fighters batting - Pitching for Coronado Eclipse : RHP Juan Salazar
Batting: RHB Raúl Ottoboni 0-0: Swinging Strike
0-1: Ball
1-1: Fly out, F3 (Popup, 3)
Batting: RHB Bill Salinas 0-0: SINGLE (Line Drive, 89S)
Batting: RHB Travis Mchugh 0-0: Foul Ball, location: 2F
0-1: Ball
1-1: Called Strike
1-2: Ball
2-2: Ball
3-2: Strikes out looking
Batting: RHB Pedro Vásquez 0-0: Ball
1-0: Ball
2-0: Fielders Choice at 2nd, 6-4 (Groundball, 6)
Bottom of the 6th over - 0 runs, 1 hit, 0 errors, 1 left on base; Coronado 5 - Gilbert 3
TOP OF THE 7TH
Coronado Eclipse batting - Pitching for Gilbert Fire Fighters : LHP Bryan Hatfield
Batting: LHB Benny Lawson 0-0: Ball
1-0: Called Strike
1-1: Fly out, F5 (Popup, 5SF)
Batting: SHB Doyle Goodwin 0-0: SINGLE (Line Drive, 7S)
Batting: RHB Brandon Smith 0-0: Ball
1-0: Ball
2-0: Called Strike
2-1: Foul Ball, location: 2F
2-2: Strikes out swinging
Batting: SHB José Acevedo 0-0: Called Strike
0-1: Ball
1-1: Foul Ball, location: 2F
1-2: Foul Ball, location: 2F
1-2: Ball
2-2: Hit by Pitch
Doyle Goodwin to second
Batting: RHB Gerald Taylor 0-0: Ball
1-0: Fly out, F9 (Flyball, 9)
Top of the 7th over - 0 runs, 1 hit, 0 errors, 2 left on base; Coronado 5 - Gilbert 3
BOTTOM OF THE 7TH
Gilbert Fire Fighters batting - Pitching for Coronado Eclipse : RHP Juan Salazar
Pitching: RHP Paul Glover
Batting: RHB Fernando Morán 0-0: Ball
1-0: Ball
2-0: Fly out, F7 (Flyball, 7LM)
Batting: RHB Juan Brembilla 0-0: Ball
1-0: Called Strike
1-1: Ball
2-1: Fly out, F8 (Flyball, 8LD)
Batting: RHB Carlos Canales 0-0: Ball
1-0: Called Strike
1-1: Foul Ball, location: 2F
1-2: SINGLE (Line Drive, 56)
Batting: LHB Kyle Robbins 0-0: Ball
1-0: Ball
2-0: Ground out 4-3 (Groundball, 4D)
Bottom of the 7th over - 0 runs, 1 hit, 0 errors, 1 left on base; Coronado 5 - Gilbert 3
TOP OF THE 8TH
Coronado Eclipse batting - Pitching for Gilbert Fire Fighters : LHP Bryan Hatfield
Batting: LHB Ken Miller 0-0: Ball
1-0: Called Strike
1-1: Foul Ball, location: 2F
1-2: Strikes out swinging
Batting: RHB Galtero Confalonieri 0-0: Ball
1-0: Ball
2-0: SINGLE (Groundball, 34D)
Batting: RHB Brian Jones 0-0: Ball
1-0: Ball
2-0: Ball
3-0: Called Strike
3-1: Foul Ball, location: 2F
3-2: Base on Balls
Galtero Confalonieri to second
Batting: RHB Andrés Casillas 0-0: SINGLE (Groundball, 6MD)
Galtero Confalonieri to third
Brian Jones to second
Runner from 3rd tries for Home, SAFE, no throw
Batting: LHB Benny Lawson 0-0: Called Strike
0-1: Foul Ball, location: 2F
0-2: Ball
1-2: Foul Ball, location: 2F
1-2: Foul Ball, location: 2F
1-2: Foul Ball, location: 2F
1-2: Ball
2-2: Foul Ball, location: 2F
2-2: Fly out, F9 (Line Drive, 9S)
Pitching: RHP Jacob Nolan
Batting: SHB Doyle Goodwin 0-0: Ball
1-0: Called Strike
1-1: Called Strike
1-2: DOUBLE (Groundball, 3L)
Brian Jones scores
Andrés Casillas to third
Runner from 3rd tries for Home, SAFE, no throw
Batting: RHB Brandon Smith 0-0: Foul Ball, location: 2F
0-1: Called Strike
0-2: Ball
1-2: Ball
2-2: Strikes out swinging
Top of the 8th over - 3 runs, 3 hits, 0 errors, 1 left on base; Coronado 8 - Gilbert 3
BOTTOM OF THE 8TH
Gilbert Fire Fighters batting - Pitching for Coronado Eclipse : RHP Paul Glover
Batting: LHB Bill Handy 0-0: Called Strike
0-1: Ball
1-1: Ground out 6-3 (Groundball, 56)
Batting: RHB Raúl Ottoboni 0-0: Ball
1-0: Swinging Strike
1-1: Fly out, F8 (Flyball, 8RS)
Batting: RHB Bill Salinas 0-0: Ball
1-0: Foul Ball, location: 2F
1-1: Ball
2-1: Swinging Strike
2-2: Ball
3-2: Fly out, F8 (Flyball, 8LS)
Bottom of the 8th over - 0 runs, 0 hits, 0 errors, 0 left on base; Coronado 8 - Gilbert 3
TOP OF THE 9TH
Coronado Eclipse batting - Pitching for Gilbert Fire Fighters : RHP Jacob Nolan
Batting: SHB José Acevedo 0-0: Fly out, F8 (Flyball, 8RD)
Batting: RHB Gerald Taylor 0-0: Fly out, F1 (Line Drive, 13)
Batting: LHB Ken Miller 0-0: Ball
1-0: Ball
2-0: Called Strike
2-1: Swinging Strike
2-2: Strikes out swinging
Top of the 9th over - 0 runs, 0 hits, 0 errors, 0 left on base; Coronado 8 - Gilbert 3
BOTTOM OF THE 9TH
Gilbert Fire Fighters batting - Pitching for Coronado Eclipse : RHP Paul Glover
Batting: RHB Travis Mchugh 0-0: Ball
1-0: Called Strike
1-1: Ground out 4-3 (Groundball, 4)
Batting: RHB Pedro Vásquez 0-0: Fly out, F2 (Popup, 2R)
Batting: RHB Fernando Morán 0-0: Ball
1-0: Called Strike
1-1: Ball
2-1: Ground out 4-3 (Groundball, 4)
Bottom of the 9th over - 0 runs, 0 hits, 0 errors, 0 left on base; Coronado 8 - Gilbert 3
Saturday, April 7th, 2018 - OOTP Baseball 18.8 Build 76